 Dungeon Crawl Stone Soup version 0.23.2-30-g0e89c35649 (webtiles) character file.

Game seed: 6250195355269312054

2035 Jaiteiro the Magician (level 9, -15/69 HPs)
             Began as a Gnoll Skald on June 10, 2019.
             Was a Follower of Uskayaw.
             Demolished by Harold
             ... wielding a +2 scimitar of slicing
              (25 damage)
             ... on level 7 of the Dungeon.
             The game lasted 00:36:35 (8713 turns).

Jaiteiro the Magician (Gnoll Skald)                 Turns: 8713, Time: 00:36:36

Health: -15/69     AC:  8    Str: 16    XL:     9   Next: 24%
Magic:  15/18      EV: 15    Int: 17    God:    Uskayaw [*.....]
Gold:   341        SH:  8    Dex: 14    Spells: 14/20 levels left

rFire    . . .     SeeInvis .   b - +0 dagger (venom)
rCold    + . .     Gourm    .   v - +0 buckler
rNeg     . . .     Faith    .   F - +2 leather armour {rC+}
rPois    .         Spirit   .   (no helmet)
rElec    .         Reflect  +   x - +0 cloak
rCorr    .         Harm     .   J - +0 pair of gloves
MR       +....                  (no boots)
Stlth    +++.......             f - +3 amulet of reflection
HPRegen  0.21/turn              g - ring of stealth
MPRegen  0.16/turn              i - ring of protection from magic

@: shrouded, marked
A: distributed training, fangs 1, strong nose
a: Stomp, Renounce Religion


You were on level 7 of the Dungeon.
You worshipped Uskayaw.
Uskayaw was noncommittal.
You were not hungry.

You visited 2 branches of the dungeon, and saw 8 of its levels.
You also visited: Sewer.

You collected 354 gold pieces.
You spent 13 gold pieces at shops.

Inventory:

Hand Weapons
 a - a +0 falchion
 b - a +0 dagger of venom (weapon)
 e - a +1 short sword of draining
Missiles
 j - 97 stones (quivered)
 m - 5 javelins of returning
 E - 15 tomahawks
Armour
 v - a +0 buckler (worn)
 x - a +0 cloak (worn)
 F - a +2 leather armour of cold resistance (worn)
 J - a +0 pair of gloves (worn)
Jewellery
 f - a +3 amulet of reflection (around neck)
 g - a ring of stealth (left hand)
 i - a ring of protection from magic (right hand)
 s - an uncursed ring of resist corrosion
 I - an uncursed ring of positive energy
Wands
 l - a wand of paralysis (9)
Scrolls
 h - 9 scrolls of identify
 k - 5 scrolls of remove curse
 r - 2 scrolls of enchant weapon {unknown}
 t - 5 scrolls of teleportation
 u - 2 scrolls of blinking {unknown}
 w - a scroll of amnesia {unknown}
 y - 5 scrolls of magic mapping
 B - 2 scrolls of enchant armour {unknown}
 C - 2 scrolls of fear {unknown}
Potions
 c - a potion of lignification {unknown}
 n - a potion of ambrosia {unknown}
 o - 4 potions of heal wounds
 p - a potion of cancellation {unknown}
 q - 3 potions of curing
 z - 2 potions of flight
 A - a potion of magic {unknown}
 D - 3 potions of haste {unknown}
 G - 2 potions of resistance
 H - 2 potions of berserk rage {unknown}
 K - a potion of mutation {unknown}
Comestibles
 d - 15 rations


   Skills:
 + Level 6.1 Fighting
 + Level 4.0 Short Blades
 + Level 6.1 Long Blades
 + Level 4.0 Axes
 + Level 4.0 Maces & Flails
 + Level 4.0 Polearms
 + Level 4.0 Staves
 + Level 4.0 Slings
 + Level 4.0 Bows
 + Level 4.0 Crossbows
 + Level 4.0 Throwing
 + Level 4.8 Armour
 + Level 6.1 Dodging
 + Level 4.0 Stealth
 + Level 4.0 Shields
 + Level 4.0 Unarmed Combat
 + Level 6.4 Spellcasting
 + Level 3.2 Conjurations
 + Level 3.2 Hexes
 + Level 6.4 Charms
 + Level 3.2 Summonings
 + Level 3.2 Necromancy
 + Level 3.2 Translocations
 + Level 3.2 Transmutations
 + Level 3.2 Fire Magic
 + Level 3.2 Ice Magic
 + Level 3.2 Air Magic
 + Level 3.2 Earth Magic
 + Level 3.2 Poison Magic
 + Level 4.3 Invocations
 + Level 4.0 Evocations


You had 14 spell levels left.
You knew the following spells:

 Your Spells              Type           Power        Failure   Level  Hunger
a - Infusion              Chrm           ####         1%          1    None
b - Shroud of Golubria    Chrm/Tloc      ###.......   3%          2    None
c - Spectral Weapon       Hex/Chrm       ###.....     6%          3    ##.....

Your spell library contained the following spells:

 Spells                   Type           Power        Failure   Level  Hunger
 Song of Slaying          Chrm           ####....     1%          2    None
 Beastly Appendage        Tmut           ###...       3%          1    None
 Sticks to Snakes         Tmut           ###.....     6%          2    None
 Regeneration             Chrm/Necr      ###.......   6%          3    ##.....
 Spider Form              Tmut/Pois      ###.......   12%         3    ##.....
 Ice Form                 Ice/Tmut       ###.....     36%         4    ####...
 Blade Hands              Tmut           ###.......   71%         5    #####..


Dungeon Overview and Level Annotations

Branches:
Dungeon (7/15)             Temple (1/1) D:5

Altars:
Ashenzari
Dithmenos
Elyvilon
Fedhas
Gozag
Hepliaklqana
Kikubaaqudgha
Makhleb
Nemelex Xobeh
Qazlal
Ru
Sif Muna
Trog
Uskayaw
Vehumet
Wu Jian
Xom
Yredelemnul
Zin
The Shining One

Shops:
D:4 ?   D:6 }*(

Annotations:
D:7 Harold


Innate Abilities, Weirdness & Mutations

Your experience applies equally to all skills.
You have very sharp teeth.
Your uncanny sense of smell can sniff out nearby items.


Message History

You hit Harold but do no damage.
Harold looks as sick as possible!
Harold is almost dead.
Your spectral weapon hits Harold but does no damage.
Harold barely misses you.
You barely miss Harold.
Harold is almost dead.
Your spectral weapon hits Harold but does no damage.
Harold looks as sick as possible!
Harold hits you with a +2 scimitar of slicing!
* * * LOW HITPOINT WARNING * * *
x2 You barely miss Harold.
Harold is almost dead.
Your spectral weapon hits Harold but does no damage.
Harold looks as sick as possible!
You hit Harold but do no damage.
Harold looks as sick as possible!
You bite Harold, but do no damage.
Harold is almost dead.
Your spectral weapon barely misses Harold.
Harold hits you with a +2 scimitar of slicing!!
You die...

######.....#.###....)..###.#.#.#
#.......###...##..(.)........#.#
#.#####.....#...(..###.###..##.#
##.# #.###...####.# #.# #.....#
...# #.# ##.## #.# #.# ##.####
##.# #.####.#####.# #.# #.#
.#.#####...<........# #.# #.#
.........#####.########.# #.#
.#.####### #.#@@(...>.# ##.##
##.# #.#.##########...### ##.#
#.#.# #.........# ##)# ##.#.#
#.###(..#.#
.#)##########....######......##.#
#..##..>....<................##.#
##.##.#######....######.#....##..
##...# ##...##....#........#
##.#### #.#......###........


You could see Harold and a friendly spectral +0 dagger of venom.

Vanquished Creatures
  A hippogriff (D:7)
  An orc warrior (D:7)
  4 ogres
  2 centaurs (D:5)
  2 big kobolds (Sewer)
  3 bullfrogs
  A howler monkey (D:6)
  A crimson imp (D:5)
  An orc priest (D:4)
  A bullfrog zombie (D:5)
  3 hounds
  4 orc wizards
  A centaur skeleton (D:6)
  Ijyb (D:3)
  Natasha (thrice) (D:2)
  A worker ant (D:5)
  9 gnolls
  3 river rats (Sewer)
  12 adders
  A shadow imp (D:5)
  3 oozes
  An adder skeleton (D:6)
  5 worms
  3 dart slugs
  A leopard gecko (D:4)
  19 orcs
  2 ball pythons
  7 giant cockroaches
  8 goblins
  11 hobgoblins
  4 jackals
  13 kobolds
  2 quokkas
  13 bats
  2 frilled lizards
  A leopard gecko skeleton (D:5)
  3 quokka skeletons
  A quokka zombie (D:5)
  8 rats
162 creatures vanquished.

Vanquished Creatures (others)
  A centaur (D:7)
  3 spectral weapons (D:7)
4 creatures vanquished.

Grand Total: 166 creatures vanquished

Notes
Turn   | Place    | Note
-------+----------+-------------------------------------------
     0 | D:1      | Jaiteiro the Gnoll Skald began the quest for the Orb.
     0 | D:1      | Reached XP level 1. HP: 20/20 MP: 6/6
   211 | D:1      | Reached XP level 2. HP: 26/26 MP: 7/7
   630 | D:1      | Reached XP level 3. HP: 28/31 MP: 9/9
   634 | D:1      | Reached skill level 5 in Spellcasting
   960 | D:1      | Reached skill level 1 in Invocations
  1006 | D:1      | Learned a level 2 spell: Shroud of Golubria
  1010 | D:1      | Learned a level 3 spell: Spectral Weapon
  1357 | D:2      | Reached skill level 1 in Short Blades
  1357 | D:2      | Reached skill level 1 in Axes
  1357 | D:2      | Reached skill level 1 in Maces & Flails
  1357 | D:2      | Reached skill level 1 in Polearms
  1357 | D:2      | Reached skill level 1 in Staves
  1357 | D:2      | Reached skill level 1 in Slings
  1357 | D:2      | Reached skill level 1 in Bows
  1357 | D:2      | Reached skill level 1 in Crossbows
  1357 | D:2      | Reached skill level 1 in Throwing
  1357 | D:2      | Reached skill level 1 in Stealth
  1357 | D:2      | Reached skill level 1 in Shields
  1357 | D:2      | Reached skill level 1 in Unarmed Combat
  1357 | D:2      | Reached skill level 1 in Evocations
  1364 | D:2      | Reached XP level 4. HP: 33/38 MP: 11/11
  2082 | D:2      | Reached skill level 1 in Conjurations
  2082 | D:2      | Reached skill level 1 in Hexes
  2082 | D:2      | Reached skill level 1 in Summonings
  2082 | D:2      | Reached skill level 1 in Necromancy
  2082 | D:2      | Reached skill level 1 in Translocations
  2082 | D:2      | Reached skill level 1 in Transmutations
  2082 | D:2      | Reached skill level 1 in Fire Magic
  2082 | D:2      | Reached skill level 1 in Ice Magic
  2082 | D:2      | Reached skill level 1 in Air Magic
  2082 | D:2      | Reached skill level 1 in Earth Magic
  2082 | D:2      | Reached skill level 1 in Poison Magic
  2172 | D:2      | Reached XP level 5. HP: 43/43 MP: 12/12
  2213 | D:2      | Noticed Natasha
  2223 | D:2      | Killed Natasha
  2708 | D:2      | Noticed Natasha
  2725 | D:2      | Killed Natasha
  2919 | D:2      | Found an ornate altar of the Wu Jian Council.
  2977 | D:2      | Noticed Natasha
  2996 | D:2      | Killed Natasha
  3220 | D:2      | Reached XP level 6. HP: 49/50 MP: 13/13
  3515 | D:3      | Found a glowing drain.
  3538 | Sewer    | Entered a sewer
  3939 | Sewer    | Reached skill level 5 in Fighting
  3939 | Sewer    | Reached skill level 5 in Long Blades
  3939 | Sewer    | Reached skill level 5 in Dodging
  4173 | Sewer    | Reached XP level 7. HP: 42/56 MP: 15/15
  4392 | D:3      | Found a faded altar of an unknown god.
  4832 | D:3      | Noticed Ijyb
  4850 | D:3      | Killed Ijyb
  5264 | D:4      | Found Iwuruc's Magic Scroll Shoppe.
  5272 | D:4      | Bought a scroll of noise for 13 gold pieces
  5450 | D:5      | Entered Level 5 of the Dungeon
  5505 | D:5      | Reached XP level 8. HP: 63/63 MP: 11/16
  5516 | D:5      | Found a deep blue altar of Sif Muna.
  5804 | D:5      | Found a staircase to the Ecumenical Temple.
  5821 | Temple   | Entered the Ecumenical Temple
  5961 | Temple   | Became a worshipper of Uskayaw the Reveler
  5988 | D:5      | Reached * piety under Uskayaw
  6446 | D:5      | You fall through a shaft!
  6506 | D:6      | Found Paddofod's Weapon Shop.
  6530 | D:6      | Reached ** piety under Uskayaw
  7025 | D:6      | Found Siohah's Assorted Antiques.
  7066 | D:6      | Found Onaic's Gadget Boutique.
  7230 | D:5      | Found a burning altar of Makhleb.
  7230 | D:5      | Found a shattered altar of Ashenzari.
  7984 | D:7      | Reached XP level 9. HP: 15/69 MP: 12/18
  8424 | D:7      | Found a shimmering altar of Xom.
  8675 | D:7      | Noticed Harold
  8713 | D:7      | Demolished by Harold

Skill      XL: |  1  2  3  4  5  6  7  8  9 |
---------------+----------------------------+-----
Spellcasting   | 5 6 |  6.4
Invocations    | 1 2 3 4 |  4.3
Short Blades   | 1 2 3 4 |  4.0
Axes           | 1 2 3 4 |  4.0
Maces & Flails | 1 2 3 4 |  4.0
Polearms       | 1 2 3 4 |  4.0
Staves         | 1 2 3 4 |  4.0
Slings         | 1 2 3 4 |  4.0
Bows           | 1 2 3 4 |  4.0
Crossbows      | 1 2 3 4 |  4.0
Throwing       | 1 2 3 4 |  4.0
Stealth        | 1 2 3 4 |  4.0
Shields        | 1 2 3 4 |  4.0
Unarmed Combat | 1 2 3 4 |  4.0
Evocations     | 1 2 3 4 |  4.0
Conjurations   | 1 2 3 |  3.2
Hexes          | 1 2 3 |  3.2
Summonings     | 1 2 3 |  3.2
Necromancy     | 1 2 3 |  3.2
Translocations | 1 2 3 |  3.2
Transmutations | 1 2 3 |  3.2
Fire Magic     | 1 2 3 |  3.2
Ice Magic      | 1 2 3 |  3.2
Air Magic      | 1 2 3 |  3.2
Earth Magic    | 1 2 3 |  3.2
Poison Magic   | 1 2 3 |  3.2
Armour         | 3 4 |  4.8
Fighting       | 5 6 |  6.1
Long Blades    | 5 6 |  6.1
Dodging        | 5 6 |  6.1
Charms         | 6 |  6.4

Action                   |  1- 3 |  4- 6 |  7- 9 || total
-------------------------+-------+-------+-------++-------
Melee: Falchion          |    56 |       |    51 ||   107
       Bite              |    10 |    29 |    52 ||    91
       Dagger            |    25 |   255 |   295 ||   575
       Punch             |       |     2 |     1 ||     3
 Fire: Blowgun           |       |       |     7 ||     7
Throw: Stone             |     1 |       |       ||     1
 Cast: Shroud of Golubri |     1 |    11 |    17 ||    29
       Infusion          |     1 |     1 |       ||     2
       Spectral Weapon   |       |       |    18 ||    18
  Use: Scroll            |       |     1 |     3 ||     4
       Potion            |       |       |     2 ||     2
 Stab: Sleeping          |     4 |     3 |     7 ||    14
       Distracted        |       |       |     1 ||     1
  Eat: Chunk             |     1 |    10 |    16 ||    27
Armor: Leather armour    |    16 |    35 |    59 ||   110
Dodge: Dodged            |    60 |   170 |   178 ||   408
Block: Buckler           |       |       |    86 ||    86
       Other             |       |       |    11 ||    11
       Reflection        |       |       |     4 ||     4
       Rpst.: Falchion   |    17 |       |    11 ||    28
